AoeStats
← 灰顏

Arena

506857266Analyzed
2v2 RM · 17d ago on Sep 15, 2026· 49m 54s· 4 players
Game mode
Random Map
Map size
Medium (4 player)
Population
200
Speed
Normal
Resources
Standard
Victory
Conquest
Starting age
Dark Age
Ending age
Imperial Age
RankedLock teamsTeams togetherTeam positionsShared explorationLock speedFull tech treeHidden civsTurbo modeCheats
Victory
Defeat
🇧🇷 Burgundians · Brazil
1125
+17
🇹🇷 Turks · Türkiye
1056
+21
🇹🇼 Franks · Taiwan
1150
-19
🇹🇼 Burgundians · Taiwan
1148
-19
vascoduro
4:21 Double-Bit Axe
8:25 Horse Collar
13:10 Feudal Age
12:18 Stone Mining
12:49 Gold Mining
14:23 Bow Saw
17:26 Castle Age
15:33 Heavy Plow
16:44 Stone Shaft Mining
17:23 Gold Shaft Mining
18:42 Wheelbarrow
19:28 Two-Man Saw
18:16 Loom
19:50 Crop Rotation
25:47 Treadmill Crane
26:49 Hand Cart
30:39 Imperial Age
28:20 Town Watch
29:13 Burgundian Vineyards
29:34 Scale Barding Armor
29:42 Murder Holes
29:57 Masonry
30:40 Town Patrol
30:53 Forging
30:44 Scale Mail Armor
31:49 Conscription
31:52 Chain Barding Armor
32:39 Chemistry
32:42 Iron Casting
32:34 Husbandry
33:11 Plate Barding Armor
35:07 Blast Furnace
35:07 Fletching
35:17 Padded Archer Armor
35:34 Fortified Wall
35:45 Ballistics
34:49 Cavalier
37:16 Hoardings
36:07 Elite Coustillier
37:45 Paladin
39:58 Chain Mail Armor
39:05 Pikeman
39:46 Squires
39:31 Arson
42:06 Plate Mail Armor
42:40 Bodkin Arrow
42:29 Halberdier
43:35 Bracer
43:50 Leather Archer Armor
45:45 Leather Archer Armor
46:46 Light Cavalry
49:20 Hussar
Furkan61
11:07 Feudal Age
11:40 Double-Bit Axe
11:50 Gold Mining
12:07 Horse Collar
18:13 Castle Age
18:25 Wheelbarrow
18:08 Padded Archer Armor
19:35 Gold Shaft Mining
19:29 Leather Archer Armor
21:29 Bow Saw
26:42 Imperial Age
32:13 Ring Archer Armor
45:13 Stone Mining
李仲赫
9:01 Loom
10:53 Feudal Age
14:54 Castle Age
13:06 Double-Bit Axe
16:45 Bow Saw
24:07 Wheelbarrow
24:15 Wheelbarrow
24:07 Gold Mining
27:19 Imperial Age
25:16 Gold Mining
25:33 Husbandry
27:12 Scale Barding Armor
27:18 Forging
27:00 Fletching
27:33 Hand Cart
27:04 Town Watch
28:13 Chain Barding Armor
27:28 Cavalier
29:41 Chemistry
30:12 Iron Casting
30:09 Town Patrol
30:22 Bodkin Arrow
32:19 Chivalry
34:42 Conscription
34:58 Hoardings
34:09 Paladin
39:18 Plate Barding Armor
39:43 Blast Furnace
40:36 Blast Furnace
41:46 Light Cavalry
灰顏
3:00 Loom
3:25 Double-Bit Axe
11:29 Feudal Age
10:38 Horse Collar
15:20 Castle Age
13:46 Heavy Plow
18:30 Loom
19:22 Wheelbarrow
22:24 Gold Mining
22:27 Stone Mining
23:15 Sanctity
25:18 Crop Rotation
25:08 Husbandry
30:22 Imperial Age
27:44 Cavalier
28:33 Scale Barding Armor
28:29 Scale Mail Armor
28:43 Forging
32:47 Gold Shaft Mining
33:18 Chain Barding Armor
33:45 Onager
37:08 Light Cavalry
Connection lost

Rejoining the realm…

Still unreachable

The connection could not be restored.

Session expired

The server has moved on; the page needs a fresh start.